 Dungeon Crawl Stone Soup version 0.15-a0-765-g6cbc3c7 (webtiles) character file.

109 Somebody the Charlatan (level 4, -1/37 HPs)
             Began as a Deep Dwarf Artificer on May 23, 2014.
             Was an Initiate of Nemelex Xobeh.
             Slain by a hobgoblin
             ... wielding a +0,+0 mace
              (5 damage)
             ... on Level 3 of the Dungeon.
             The game lasted 00:09:14 (1574 turns).

Somebody the Charlatan (Deep Dwarf Artificer)       Turns: 1574, Time: 00:09:14

HP  -1/37        AC  4     Str 14      XL: 4   Next: 60%
MP   9/9         EV 11     Int 14      God: Nemelex Xobeh [......]
Gold 96          SH  0     Dex 13      Spells:  0 memorised,  3 levels left

rFire  . . .     SeeInvis .     a - +0 short sword
rCold  . . .     Clarity  .     i - +0 leather armour
rNeg   . . .     Conserve .     (no shield)
rPois  .         rCorr    .     (no helmet)
rElec  .         rRot     .     u - +0 cloak
SustAb . .       Spirit   .     (no gloves)
rMut   .         Warding  .     (no boots)
Gourm  .         Stasis   .     (no amulet)
MR     .....                    (no ring)
                                (no ring)

@: non-regenerating, not resistant to hostile enchantments, very unstealthy
A: damage resistance, recharge devices, sense surroundings 1, slow healing 3
a: Device Recharging, Renounce Religion


You were on level 3 of the Dungeon.
You worshipped Nemelex Xobeh.
Nemelex Xobeh was noncommittal.
You were not hungry.

You visited 1 branch of the dungeon, and saw 4 of its levels.

You collected 136 gold pieces.

Inventory:

Hand weapons
 a - a +0,+0 short sword (weapon)
 l - a +0,+0 bardiche
Missiles
 v - 10 steel darts (quivered)
Armour
 i - a +0 leather armour (worn)
 u - a +0 cloak (worn)
Magical devices
 b - a wand of flame (9)
 c - a wand of enslavement (15)
 d - a wand of random effects (9)
 f - a wand of heal wounds (0)
Comestibles
 g - 2 bread rations
 t - 2 rotting chunks of hobgoblin flesh
Scrolls
 h - a scroll of enchant weapon I {unknown}
 k - 2 scrolls of blinking {unknown}
 m - a scroll of amnesia {unknown}
 o - 3 scrolls of identify {unknown}
 p - a scroll of remove curse {unknown}
 r - 3 scrolls of teleportation {unknown}
Potions
 e - 4 potions of curing {unknown}
 j - a potion of haste {unknown}
 n - a potion of lignification {unknown}
 q - a potion of brilliance {unknown}
Miscellaneous
 s - a plain deck of war {drawn: 4}


   Skills:
 - Level 0.8 Fighting
 - Level 1.0 Short Blades
 + Level 0.1 Throwing
 - Level 2.2 Dodging
 - Level 1.2 Stealth
 - Level 7.5 Evocations


You had 3 spell levels left.
You didn't know any spells.

Dungeon Overview and Level Annotations

Branches:
Dungeon (4/15)
 Temple: D:4-7

Altars:
Kikubaaqudgha
Nemelex Xobeh


Innate Abilities, Weirdness & Mutations

You are resistant to damage.
You can recharge devices by infusing magical energy.
You passively map a small area around you.
You do not heal naturally.


Message History

The hobgoblin completely misses you.
You hit the hobgoblin.
The hobgoblin is almost dead.
The hobgoblin hits you with a mace!
* * * LOW HITPOINT WARNING * * *
Throwing (i - inventory):
v - 12 steel darts (quivered)
Press: ? - help, Shift-Dir - straight line, f/p - hobgoblin
Aim: a hobgoblin, wielding a mace (almost dead)
You throw a steel dart.
The steel dart barely misses the hobgoblin.
The hobgoblin barely misses you.
Throwing (i - inventory):
v - 11 steel darts (quivered)
Press: ? - help, Shift-Dir - straight line, f/p - hobgoblin
Aim: a hobgoblin, wielding a mace (almost dead)
You throw a steel dart.
The steel dart hits the hobgoblin but does no damage.
The hobgoblin is almost dead.
The hobgoblin hits you with a mace!
You die...
Your body disappears without a glow.

* #(..#(.#......#.....##
#(..#..#......#.....#
*#...#..####...###...##
.(...................
#..#..##....#########
#....................
##.#(.#####..)..#####
#..g........<.......
####@.#####(....<....
#######.....#####...<......
#..........................
#.#####.....#...####.....#.
#.########..#...####.......
#...........)..............
#######.%...###########...#
#########...........,
....... ,
.............###### *
..#####


You could see a hobgoblin.

Vanquished Creatures
  An orc priest (D:3)
  3 adders (D:2)
  2 worms
  2 giant geckos
  3 orcs (D:3)
  4 giant cockroaches
  2 goblins (D:2)
  6 hobgoblins
  3 bats
  A giant newt (D:1)
  8 kobolds
  2 rats
37 creatures vanquished.

Notes
Turn   | Place    | Note
--------------------------------------------------------------
     0 | D:1      | Somebody, the Deep Dwarf Artificer, began the quest for the Orb.
     0 | D:1      | Reached XP level 1. HP: 16/16 MP: 1/1
   145 | D:1      | Reached skill level 1 in Short Blades
   368 | D:2      | Reached skill level 5 in Evocations
   368 | D:2      | Reached XP level 2. HP: 24/24 MP: 3/3
   393 | D:2      | Ho. Ho. Ho.
   551 | D:2      | Reached XP level 3. HP: 8/30 MP: 5/5
   602 | D:2      | Reached skill level 6 in Evocations
   876 | D:2      | Found an ancient bone altar of Kikubaaqudgha.
   876 | D:2      | Found a sparkling altar of Nemelex Xobeh.
   880 | D:2      | Became a worshipper of Nemelex Xobeh the Trickster
  1151 | D:3      | Received a gift from Nemelex Xobeh
  1235 | D:3      | Reached XP level 4. HP: 29/37 MP: 8/8
  1439 | D:3      | HP: 1/37 [orc/dagger (1)]
  1492 | D:3      | Reached skill level 7 in Evocations
  1574 | D:3      | Slain by a hobgoblin

Action                   |  1- 3 |  4- 6 || total
-------------------------+-------+-------++-------
Melee: Short sword       |   145 |    73 ||   218
       Bardiche          |    18 |       ||    18
Throw: Dart              |       |    10 ||    10
Evoke: Wand              |     7 |    10 ||    17
       Deck              |       |     4 ||     4
 Stab: Sleeping          |     1 |     1 ||     2
